 Dungeon Sprint DCSS version 0.21-a0-476-gd103f4b (webtiles) character file.

173 Kidiri the Skirmisher (level 5, 0/52 HPs)
             Began as a Draconian Berserker on Nov 22, 2017.
             Was an Elder of Trog.
             Slain by an orc warrior
             ... wielding a +0 short sword
              (20 damage)
             ... in the Dungeon (Sprint VII: "The Pits").
             The game lasted 00:02:30 (545 turns).

Kidiri the Skirmisher (Draconian Berserker)          Turns: 545, Time: 00:02:31

Health: 0/52       AC:  5    Str: 20    XL:     5   Next: 28%
Magic:  5/5        EV: 14    Int:  7    God:    Trog [****..]
Gold:   0          SH:  0    Dex: 11    Spells: 4/4 levels left

rFire    . . .     SeeInvis .   a - +2 mace
rCold    . . .     Gourm    .   (no shield)
rNeg     . . .     Faith    .   (armour unavailable)
rPois    .         Spirit   .   (helmet restricted)
rElec    .         Reflect  .   (no cloak)
rCorr    .         Harm     .   (no gloves)
MR       .....     NoTele   +   (no boots)
Stlth    +.........             (no amulet)
HPRegen  0.17/turn              (no ring)
MPRegen  0.09/turn              (no ring)

@: berserk cooldown, slowed, very slow
A: unfitting armour, cold-blooded, AC +5
a: Berserk, Trog's Hand, Brothers in Arms, Burn Spellbooks, Renounce Religion


You were in the Dungeon.
You worshipped Trog.
Trog was greatly pleased with you.
You were very hungry.

You visited 1 branch

Inventory:

Hand Weapons
 a - a +2 mace (weapon)
 o - a cursed +0 short sword
 p - a +0 hand axe
 r - a +0 hand axe of flaming
Armour
 s - a +0 chain mail
 t - a +0 leather armour
Scrolls
 h - a scroll of blinking
 k - 3 scrolls of remove curse
 l - a scroll of summoning
Potions
 c - 6 potions of curing
 d - 6 potions of heal wounds
 e - a potion of haste
 f - 4 potions of magic
 g - 3 potions of berserk rage
 j - 2 potions of invisibility
Comestibles
 b - 8 bread rations
 i - 2 chunks of flesh
 m - 40 fruits
 n - 7 meat rations
 q - an inedible chunk of flesh


   Skills:
 * Level 7.1 Fighting
 * Level 6.5 Maces & Flails
 + Level 3.5 Throwing
 * Level 5.9 Dodging


You had 4 spell levels left.
You didn't know any spells.

Dungeon Overview and Level Annotations

Branches:
Dungeon (1/1)

Altars:
Ashenzari
Cheibriados
Dithmenos
Elyvilon
Fedhas
Gozag
Hepliaklqana
Kikubaaqudgha
Makhleb
Nemelex Xobeh
Okawaru
Qazlal
Ru
Sif Muna
Trog
Uskayaw
Vehumet
Wu Jian
Xom
Yredelemnul
Zin
The Shining One
Beogh
Jiyva
Lugonu


Innate Abilities, Weirdness & Mutations

Your plain brown scales are hard. (AC +5)
You cannot fit into any form of body armour.
You are cold-blooded and may be slowed by cold attacks.


Message History

You bludgeon the iron imp!!
You kill the iron imp!
Trog accepts your kill.
Your Fighting skill increases to level 7!
Items here: ) ††† a short sword; a bullfrog corpse; an orc corpse; a hound corpse You barely miss the orc warrior.
You sock the orc warrior!
The orc warrior is moderately wounded.
You closely miss the orc warrior.
The orc warrior is moderately wounded.
You are no longer berserk.
You are exhausted.
You feel yourself slow down.
The orc warrior hits you with a short sword!
You hit the orc warrior but do no damage.
The orc warrior is moderately wounded.
The orc warrior hits you with a short sword!
The orc warrior hits you with a short sword!!
You die...

#.?(.+)))+.##.....
##########.##.....
#...........'.....
#'#####+#####.....
#.#[[#.....##.....
#.#))#####+#####+#
#.#))#.....##.....
#.#))#.....##.....
#@#..###+####.....
#o##+#.....##...<.
#o#........##.....
#o#........##.....
#J###########.....
#....J..# ######
#...#5..# #..5# .#
#.##.


You could see an orc warrior, a jelly and 2 orcs.

Vanquished Creatures
  A bullfrog (D)
  A hound (D)
  An iron imp (D)
  A worker ant (D)
  A river rat (D)
  5 orcs (D)
  A bat zombie (D)
  A goblin (D)
  2 ball pythons (D)
  A frilled lizard (D)
15 creatures vanquished.

Notes
Turn   | Place    | Note
-------+----------+-------------------------------------------
     0 | D        | Kidiri the Draconian Berserker began the quest for the Orb.
     0 | D        | Reached XP level 1. HP: 19/19 MP: 1/1
    55 | D        | Found a bloodstained altar of Trog.
    55 | D        | Found a deep blue altar of Sif Muna.
    55 | D        | Found a viscous altar of Jiyva.
    55 | D        | Found a hazy altar of Hepliaklqana.
    55 | D        | Found an opulent altar of Gozag.
    56 | D        | Found a glowing golden altar of the Shining One.
    56 | D        | Found a glowing silver altar of Zin.
    56 | D        | Found a basalt altar of Yredelemnul.
    56 | D        | Found a shimmering altar of Xom.
    56 | D        | Found an ornate altar of the Wu Jian Council.
    56 | D        | Found a sacrificial altar of Ru.
    56 | D        | Found a stormy altar of Qazlal.
    56 | D        | Found an iron altar of Okawaru.
    56 | D        | Found a sparkling altar of Nemelex Xobeh.
    56 | D        | Found a burning altar of Makhleb.
    56 | D        | Found a blossoming altar of Fedhas.
    56 | D        | Found a white marble altar of Elyvilon.
    56 | D        | Found a shadowy altar of Dithmenos.
    56 | D        | Found a snail-covered altar of Cheibriados.
    58 | D        | Found a radiant altar of Vehumet.
    58 | D        | Found a corrupted altar of Lugonu.
    58 | D        | Found a roughly hewn altar of Beogh.
    59 | D        | Found a hide-covered altar of Uskayaw.
    59 | D        | Found an ancient bone altar of Kikubaaqudgha.
    59 | D        | Found a shattered altar of Ashenzari.
    78 | D        | Reached ** piety under Trog
   103 | D        | Noticed a worker ant
   109 | D        | Killed a worker ant
   109 | D        | Reached skill level 4 in Fighting
   109 | D        | Reached skill level 1 in Throwing
   109 | D        | Reached XP level 2. HP: 26/28 MP: 2/2
   308 | D        | Reached XP level 3. HP: 35/35 MP: 3/3
   312 | D        | Reached *** piety under Trog
   317 | D        | Reached skill level 5 in Fighting
   520 | D        | Noticed a bullfrog
   521 | D        | Noticed an orc warrior
   533 | D        | Reached **** piety under Trog
   533 | D        | Reached skill level 5 in Maces & Flails
   533 | D        | Reached XP level 4. HP: 44/44 MP: 4/4
   539 | D        | Killed a bullfrog
   539 | D        | Reached skill level 6 in Fighting
   539 | D        | Reached skill level 5 in Dodging
   539 | D        | Reached XP level 5. HP: 51/51 MP: 5/5
   540 | D        | Reached skill level 7 in Fighting
   545 | D        | Slain by an orc warrior

Vault maps used:
D:        pitsprint

Skill      XL: |  1  2  3  4  5 |
---------------+----------------+-----
Dodging        | 3 4 5 |  5.9
Fighting       | 4 5 6 7 |  7.1
Maces & Flails | 4 5 6 |  6.5
Throwing       | 1 2 3 |  3.5

Action                   |  1- 3 |  4- 6 || total
-------------------------+-------+-------++-------
Melee: Mace              |    36 |    11 ||    47
       Tailslap          |     6 |     1 ||     7
Invok: Berserk           |     3 |       ||     3
       Trog's Hand       |     2 |       ||     2
  Eat: Chunk             |     1 |       ||     1
Armor: Skin              |    16 |       ||    16
Dodge: Dodged            |    56 |     4 ||    60

Table legend:
 A = Spawn XP
 B = Non-spawn XP
 C = Spawn XP percentage of total XP
 D = Spawn monster count
 E = Non-spawn monster count
 F = Spawn count percentage of total count
 G = Total turns spent on level
                    A         B        C        D         E        F      G
               +---------+---------+-------+---------+---------+-------+---------
         Total |       0 |     248 |   0.0 |       0 |      15 |   0.0 |   545
               +---------+---------+-------+---------+---------+-------+---------
             D |       0 |     248 |   0.0 |       0 |      15 |   0.0 |   545
               +---------+---------+-------+---------+---------+-------+---------
